 Dungeon Crawl Stone Soup version 0.29-a0-352-g0917bc69df (webtiles) character file.

Game seed: 13685962343837903670

81 101zpm the Gusty (level 4, 0/32 HPs)
             Began as a Gnoll Air Elementalist on Apr 24, 2022.
             Killed by nerve-wracking pain
             ... invoked by Grinder
              (10 damage)
             ... while paralysed by Grinder
             ... on level 2 of the Dungeon.
             The game lasted 00:04:14 (2512 turns).

101zpm the Gusty (Gnoll Air Elementalist)           Turns: 2512, Time: 00:04:14

Health: 0/32       AC:  2    Str:  7    XL:     4   Next: 40%
Magic:  11/11      EV:  2    Int: 16    God:
Gold:   85         SH:  0    Dex: 13    Spells: 12/13 levels left

rFire   . . .      SeeInvis .     - Unarmed
rCold   . . .      Faith    .   (no shield)
rNeg    . . .      Spirit   .   a - +0 robe
rPois   .          Reflect  .   (no helmet)
rElec   .          Harm     .   (no cloak)
rCorr   .          Rampage  .   (no gloves)
Will    .....                   (no boots)
Stlth   +++.......              (no amulet)
HPRegen 0.10/turn               (no ring)
MPRegen 0.12/turn               (no ring)

@: paralysed
A: fangs 1, strong nose, distributed training
a: no special abilities


You were on level 2 of the Dungeon.
You visited 1 branch of the dungeon, and saw 3 of its levels.

You collected 85 gold pieces.

Inventory:

Armour
 a - a +0 robe (worn)
Jewellery
 f - an amulet of the acrobat
 k - an amulet of regeneration
Scrolls
 c - 2 scrolls of summoning {unknown}
 d - a scroll of teleportation {unknown}
 g - 3 scrolls of noise {unknown}
 h - 3 scrolls of identify {unknown}
 i - 4 scrolls of amnesia {unknown}
 n - a scroll of vulnerability {unknown}
 p - 3 scrolls of enchant weapon {unknown}
Potions
 b - 2 potions of magic
 e - a potion of flight {unknown}
 j - 2 potions of curing {unknown}
 l - a potion of might {unknown}
 m - a potion of attraction {unknown}
 o - a potion of ambrosia {unknown}


   Skills:
 + Level 1.1 Fighting
 + Level 1.1 Short Blades
 + Level 1.1 Long Blades
 + Level 1.1 Axes
 + Level 1.1 Maces & Flails
 + Level 1.1 Polearms
 + Level 1.1 Staves
 + Level 1.1 Slings
 + Level 1.1 Bows
 + Level 1.1 Crossbows
 + Level 1.1 Throwing
 + Level 1.1 Armour
 + Level 4.6 Dodging
 + Level 4.2 Stealth
 + Level 1.1 Shields
 + Level 1.1 Unarmed Combat
 + Level 5.1 Spellcasting
 + Level 2.2 Conjurations
 + Level 0.9 Hexes
 + Level 0.9 Summonings
 + Level 0.9 Necromancy
 + Level 0.9 Translocations
 + Level 0.9 Transmutations
 + Level 0.9 Fire Magic
 + Level 0.9 Ice Magic
 + Level 5.4 Air Magic
 + Level 0.9 Earth Magic
 + Level 0.9 Poison Magic
 + Level 1.2 Invocations
 + Level 1.1 Evocations


You had 12 spell levels left.
You knew the following spells:

 Your Spells              Type           Power      Damage    Failure   Level
a - Shock                 Conj/Air       64%        1d7       3%          1

Your spell library contained the following spells:

 Spells                   Type           Power      Damage    Failure   Level
 Static Discharge         Conj/Air       16%        N/A       4%          2
 Swiftness                Air            21%        N/A       4%          3
 Airstrike                Air            10%        N/A       16%         4


Dungeon Overview and Level Annotations

Branches:
Dungeon (3/15)

Altars:

Annotations:
D:2 1 runed translucent door, Crazy Yiuf, Grinder


Innate Abilities, Weirdness & Mutations

You have very sharp teeth.
Your uncanny sense of smell can sniff out nearby items.
Your experience applies equally to all skills.


Message History

The phantom is moderately damaged.
There is a stone staircase leading up here.
You climb upwards.
Level annotation: 1 runed translucent door, Crazy Yiuf
There is a stone staircase leading down here.
Magic restored.
You see here a +0 dagger.
There is a stone staircase leading down here.
You climb downwards.
Grinder barely misses you.
There is a stone staircase leading up here.
The kobold shouts!
Grinder hits you.
You writhe in agony.
You climb upwards.
Level annotation: 1 runed translucent door, Crazy Yiuf
There is a stone staircase leading down here.
Grinder blinks!
Grinder gestures at you.
You suddenly lose the ability to move!
Grinder gestures at you. You resist with significant effort.
You can move again.
Grinder gestures at you. You resist with significant effort.
Grinder gestures at you. Pain shoots through your body!
Grinder gestures at you.
You suddenly lose the ability to move!
Grinder gestures at you.
You shrug off the repeated paralysis!
Grinder gestures at you. Pain shoots through your body!
* * * LOW HITPOINT WARNING * * *
You can move again.
Grinder blinks!
Grinder blinks!
Grinder gestures at you.
You suddenly lose the ability to move!
Grinder gestures at you. Pain shoots through your body!
You die...

############# #...........#
#.#####...#.### # #######.#
#.#.....#
###########..(....#####.#.).#.#
.............................>#
###.......#.#....######...#.#.###
..........#.#.##@######..........
...............<..##..........##+
................#.##.###........^
####.........5..#.##.............
###########..#....########.#.....
..............................##'
.........###..........##.#...)##.
###....#.......######.##.####..#.
# #.###........##.....##.......##


You could see Grinder.

Vanquished Creatures
  A gnoll (D:1)
  An adder (D:3)
  2 worms (D:2)
  3 dart slugs (D:1)
  3 bats
  6 endoplasms
  2 giant cockroaches (D:2)
  3 hobgoblins (D:1)
  7 jackals (D:2)
  6 kobolds
  2 ball pythons (D:1)
  5 frilled lizards
  4 goblins
  6 rats
51 creatures vanquished.

Vanquished Creatures (others)
  A fungus (D:1)
  2 plants (D:1)
3 creatures vanquished.

Grand Total: 54 creatures vanquished

Notes
Turn   | Place    | Note
-------+----------+-------------------------------------------
     0 | D:1      | 101zpm the Gnoll Air Elementalist began the quest for the
                  | Orb.
     0 | D:1      | Reached XP level 1. HP: 13/13 MP: 6/6
   164 | D:1      | Found a faded altar of an unknown god.
   231 | D:1      | Reached XP level 2. HP: 14/19 MP: 2/7
   354 | D:1      | You fall into a shaft and drop 1 floor!
   629 | D:2      | Reached skill level 5 in Spellcasting
   629 | D:2      | Reached XP level 3. HP: 25/25 MP: 0/9
   973 | D:2      | Reached skill level 1 in Invocations
  1370 | D:2      | Found a runed translucent door.
  1371 | D:2      | Noticed Crazy Yiuf
  1554 | D:1      | Reached skill level 1 in Fighting
  1554 | D:1      | Reached skill level 1 in Short Blades
  1554 | D:1      | Reached skill level 1 in Long Blades
  1554 | D:1      | Reached skill level 1 in Axes
  1554 | D:1      | Reached skill level 1 in Maces & Flails
  1554 | D:1      | Reached skill level 1 in Polearms
  1554 | D:1      | Reached skill level 1 in Staves
  1554 | D:1      | Reached skill level 1 in Slings
  1554 | D:1      | Reached skill level 1 in Bows
  1554 | D:1      | Reached skill level 1 in Crossbows
  1554 | D:1      | Reached skill level 1 in Throwing
  1554 | D:1      | Reached skill level 1 in Armour
  1554 | D:1      | Reached skill level 1 in Shields
  1554 | D:1      | Reached skill level 1 in Unarmed Combat
  1554 | D:1      | Reached skill level 1 in Evocations
  1781 | D:1      | Reached XP level 4. HP: 29/32 MP: 1/11
  2441 | D:3      | Noticed a phantom
  2488 | D:3      | Noticed Grinder
  2493 | D:2      | Paralysed by Grinder for 2 turns
  2503 | D:2      | Paralysed by Grinder for 6 turns
  2511 | D:2      | Paralysed by Grinder for 2 turns
  2512 | D:2      | Killed from afar by Grinder

Illustrated notes

Levels and vault maps discovered:
D:1:      eino_arrival_druids_welcome, layout_basic,
          shapermc_ecumenical_altar_gd
D:2:      layout_basic, lemuel_old_faithful, uniq_crazy_yiuf_cottage
D:3:      layout_rooms, demons_altar, uniq_grinder

Skill      XL: |  1  2  3 |
---------------+----------+-----
Conjurations   | 2 |  2.2
Spellcasting   | 5 |  5.1
Invocations    | 1 |  1.2
Fighting       | 1 |  1.1
Short Blades   | 1 |  1.1
Long Blades    | 1 |  1.1
Axes           | 1 |  1.1
Maces & Flails | 1 |  1.1
Polearms       | 1 |  1.1
Staves         | 1 |  1.1
Slings         | 1 |  1.1
Bows           | 1 |  1.1
Crossbows      | 1 |  1.1
Throwing       | 1 |  1.1
Armour         | 1 |  1.1
Shields        | 1 |  1.1
Unarmed Combat | 1 |  1.1
Evocations     | 1 |  1.1
Dodging        | |  4.6
Stealth        | |  4.2
Hexes          | |  0.9
Summonings     | |  0.9
Necromancy     | |  0.9
Translocations | |  0.9
Transmutations | |  0.9
Fire Magic     | |  0.9
Ice Magic      | |  0.9
Air Magic      | |  5.4
Earth Magic    | |  0.9
Poison Magic   | |  0.9

Action                   |  1- 3 |  4- 6 || total
-------------------------+-------+-------++-------
Melee: Unarmed           |     7 |       ||     7
 Cast: Shock             |    99 |    17 ||   116
Armor: Robe              |     1 |       ||     1
Dodge: Dodged            |    14 |     4 ||    18

Table legend: (Time is in decaauts)
 A = Elapsed time spent in this place.
 B = Non-inter-level travel time spent in this place.
 C = Inter-level travel time spent in this place.
 D = Time resting spent in this place.
 E = Time spent auto-exploring this place.
 F = Levels seen in this place.
 G = Mean time per level.
                   A        B        C        D        E       F      G
               +--------+--------+--------+--------+--------+-----+--------+
         Total |   2513 |   2339 |    174 |      0 |   2089 |   3 |  837.7 |
       Dungeon |   2513 |   2339 |    174 |      0 |   2089 |   3 |  837.7 |
               +--------+--------+--------+--------+--------+-----+--------+

Top non-repeatable levels by time:
     D:2: 1302 daAuts
     D:1: 1160 daAuts
     D:3: 51 daAuts
